 Dungeon Crawl Stone Soup version 0.23.0 (webtiles) character file.

Game seed: 15385052893531031812

984 redwoodhats the Caller (level 8, -1/44 HPs)
             Began as a Kobold Summoner on Feb 11, 2019.
             Was an Initiate of Sif Muna.
             Slain by a seven-headed hydra (8 damage)
             ... on level 6 of the Dungeon.
             The game lasted 01:02:39 (7504 turns).

redwoodhats the Caller (Kobold Summoner)            Turns: 7504, Time: 01:02:40

Health: -1/44      AC:  8    Str:  9      XL:     8   Next: 41%
Magic:  7/16       EV: 16    Int: 18      God:    Sif Muna [......]
Gold:   368        SH:  4    Dex: 14 (15) Spells: 3/17 levels left

rFire    . . .     SeeInvis .   z - +2 flail (drain)
rCold    . . .     Gourm    .   (shield restricted)
rNeg     . . .     Faith    .   a - +2 robe
rPois    .         Spirit   .   m - +0 helmet
rElec    .         Reflect  +   o - scarf {repulsion}
rCorr    .         Harm     .   (no gloves)
MR       .....                  y - +0 pair of boots
Stlth    +++.......             b - +4 amulet of reflection
HPRegen  0.54/turn              l - ring of wizardry
MPRegen  0.15/turn              r - +3 ring of strength

@: repel missiles
A: small, yellow scales 1, blurry vision 1, carnivore, regeneration 1, wild
magic 1
a: Renounce Religion


You were on level 6 of the Dungeon.
You worshipped Sif Muna.
Sif Muna was noncommittal.
You were not hungry.

You visited 2 branches of the dungeon, and saw 7 of its levels.

You collected 368 gold pieces.

Inventory:

Hand Weapons
 c - a +0 scimitar
 e - a +0 short sword
 i - a +2 scythe of protection
 n - a +0 quarterstaff
 p - a +0 long sword
 s - a +0 hand axe of chopping
 z - a +2 flail of draining (weapon)
Armour
 a - a +2 robe (worn)
 m - a +0 helmet (worn)
 o - a scarf of repulsion (worn)
 w - a +2 buckler
 y - a +0 pair of boots (worn)
Jewellery
 b - a +4 amulet of reflection (around neck)
 d - an uncursed ring of protection from magic
 f - an uncursed ring of wizardry
 j - a cursed ring of stealth
 l - a ring of wizardry (left hand)
 r - a +3 ring of strength (right hand)
Wands
 g - a wand of iceblast (4)
Scrolls
 h - 2 scrolls of fog
 q - a scroll of enchant weapon {unknown}
 u - a scroll of immolation
 v - 2 scrolls of remove curse
 A - a scroll of teleportation
 C - a scroll of magic mapping {unknown}
 D - a scroll of amnesia
Potions
 k - 2 potions of mutation
 x - a potion of berserk rage
 B - 2 potions of haste
Comestibles
 t - 3 rations


   Skills:
 + Level 1.8 Fighting
 + Level 1.2(2.1) Short Blades
 + Level 1.5(1.6) Long Blades
 + Level 1.2(1.5) Axes
 + Level 1.5(1.9) Maces & Flails
 + Level 4.2 Dodging
 + Level 4.1 Stealth
 + Level 5.4 Spellcasting
 + Level 0.9 Hexes
 + Level 6.3 Summonings
 + Level 0.1 Ice Magic
 + Level 0.1 Air Magic


You had 3 spell levels left.
You knew the following spells:

 Your Spells              Type           Power        Failure   Level  Hunger
b - Call Canine Familiar  Summ           #####...     2%          3    ##.....
c - Summon Guardian Gole  Hex/Summ       ###.....     5%          3    ##.....
d - Summon Lightning Spi  Summ/Air       ###.....     19%         4    ####...
e - Summon Ice Beast      Ice/Summ       ###.....     17%         4    ####...

Your spell library contained the following spells:

 Spells                   Type           Power        Failure   Level  Hunger
 Summon Small Mammal      Summ           ####         1%          1    None
 Call Imp                 Summ           #####...     1%          2    #......
 Recall                   Summ/Tloc      N/A          6%          3    ##.....
 Passwall                 Tmut/Erth      #.......     11%         2    #......
 Summon Mana Viper        Hex/Summ       ###.....     38%         5    ######.
 Summon Forest            Summ/Tloc      ###.......   41%         5    ######.
 Irradiate                Conj/Tmut      #.........   82%         5    ######.


Dungeon Overview and Level Annotations

Branches:
Dungeon (6/15)             Temple (1/1) D:4

Altars:
Ashenzari
Dithmenos
Elyvilon
Hepliaklqana
Kikubaaqudgha
Makhleb
Nemelex Xobeh
Okawaru
Qazlal
Ru
Sif Muna
Trog
Uskayaw
Wu Jian
Yredelemnul
Zin
The Shining One


Innate Abilities, Weirdness & Mutations

You are small and have problems with some larger weapons.
You are carnivorous and can eat meat at any time.
You are partially covered in yellow scales. (AC +2)
Scrolls take you a little longer to read.
Your natural rate of healing is unusually fast.
Your spells are a little harder to cast, but a little more powerful.


Message History

The seven-headed hydra bites your lightning spire. x2
The seven-headed hydra bites your lightning spire!
Your lightning spire is destroyed!
Your ice beast hits the seven-headed hydra.
Your ice beast freezes the seven-headed hydra.
The seven-headed hydra seems to slow down.
Your hound bites the seven-headed hydra.
You hit the seven-headed hydra. You drain the seven-headed hydra.
The seven-headed hydra is moderately wounded.
Your hound bites the seven-headed hydra.
Your ice beast hits the seven-headed hydra.
Your ice beast freezes the seven-headed hydra!
Your hound bites the seven-headed hydra.
The seven-headed hydra bites you but does no damage.
The seven-headed hydra bites you! x2; The seven-headed hydra bites you.
The seven-headed hydra bites you but does no damage.
The seven-headed hydra bites you!
* * * LOW HITPOINT WARNING * * *
The seven-headed hydra bites you!
You die...

#.#.###.##........ #.#.#
#........... #.###
###.#(...... #####
##.#### #.##......
.....##.....## #.########
....(........###.# ###
............(.##.######..
......Yh....>...........#
.......D@.....##.#.....##
............>.##......##
.....................##
.......<......########
.............##
.....##.....## #####
#######


You could see a seven-headed hydra, a friendly ice beast and a friendly hound.

Vanquished Creatures
  A bullfrog (D:5)
  An orc priest (D:3)
  A bullfrog skeleton (D:4)
  A gnoll shaman (D:5)
  2 hounds
  An orc wizard (D:3)
  A centaur skeleton (D:5)
  A worker ant (D:4)
  3 gnolls (D:5)
  9 adders
  An adder skeleton (D:3)
  A worm (D:3)
  2 leopard geckos
  9 orcs
  A ball python (D:4)
  2 giant cockroaches
  2 goblins
  A hobgoblin (D:2)
  A jackal (D:3)
  3 quokkas
  3 bats
  A frilled lizard (D:5)
  A hobgoblin zombie (D:4)
  4 kobolds
  An orc zombie (D:4)
  2 rats
56 creatures vanquished.

Vanquished Creatures (collateral kills)
  Sigmund (D:3)
  An ogre (D:5)
  2 bullfrogs
  A scorpion (D:5)
  2 crimson imps (D:5)
  2 bullfrog skeletons
  An orc priest (D:3)
  3 orc wizards (D:5)
  Jessica (D:3)
  An iguana (D:2)
  2 worker ants
  A mummy (D:4)
  10 gnolls (D:5)
  5 adders
  2 oozes (D:1)
  A worm (D:2)
  A dart slug (D:1)
  A leopard gecko (D:1)
  6 orcs
  A bat (D:1)
  2 giant cockroaches (D:1)
  7 goblins
  3 hobgoblins
  A jackal (D:3)
  A quokka (D:5)
  2 ball pythons
  2 frilled lizards
  A jackal zombie (D:5)
  3 kobolds (D:2)
  2 rats
69 creatures vanquished.

Grand Total: 125 creatures vanquished

Notes
Turn   | Place    | Note
-------+----------+-------------------------------------------
     0 | D:1      | redwoodhats the Kobold Summoner began the quest for the
                  | Orb.
     0 | D:1      | Reached XP level 1. HP: 10/10 MP: 3/3
   262 | D:1      | Reached XP level 2. HP: 5/15 MP: 1/5
   749 | D:1      | Reached XP level 3. HP: 19/19 MP: 2/6
  1589 | D:2      | Reached XP level 4. HP: 24/24 MP: 5/8
  2580 | D:2      | Reached skill level 5 in Summonings
  2688 | D:2      | You fall through a shaft for 2 floors!
  2688 | D:4      | Found a staircase to the Ecumenical Temple.
  2698 | Temple   | Entered the Ecumenical Temple
  2719 | Temple   | Learned a level 3 spell: Call Canine Familiar
  2723 | Temple   | Learned a level 3 spell: Summon Guardian Golem
  3284 | D:4      | Reached XP level 5. HP: 28/28 MP: 3/9
  3395 | D:3      | Noticed Jessica
  3412 | D:3      | Killed Jessica
  3430 | D:3      | Noticed a bullfrog
  3701 | D:3      | Noticed Sigmund
  3714 | D:3      | HP: 1/28 [something (10)]
  3763 | D:3      | Killed Sigmund
  3763 | D:3      | Reached skill level 1 in Fighting
  3763 | D:3      | Reached skill level 1 in Short Blades
  3763 | D:3      | Reached XP level 6. HP: 18/34 MP: 4/11
  4285 | D:3      | Gained mutation: Scrolls take you a little longer to read.
                  | [potion of mutation]
  4285 | D:3      | Gained mutation: You are partially covered in yellow
                  | scales. (AC +2) [potion of mutation]
  4285 | D:3      | Gained mutation: Your natural rate of healing is unusually
                  | fast. [potion of mutation]
  4285 | D:3      | Gained mutation: Your spells are a little harder to cast,
                  | but a little more powerful. [potion of mutation]
  4334 | D:3      | Reached skill level 1 in Long Blades
  4359 | D:3      | Reached XP level 7. HP: 34/38 MP: 11/13
  5460 | D:5      | Entered Level 5 of the Dungeon
  5718 | D:5      | Reached skill level 1 in Axes
  6142 | D:5      | Reached skill level 5 in Spellcasting
  6244 | D:5      | Reached XP level 8. HP: 38/44 MP: 3/15
  6459 | D:5      | Learned a level 4 spell: Summon Lightning Spire
  6464 | D:5      | Learned a level 4 spell: Summon Ice Beast
  6587 | D:5      | Identified the Grimoire of Shifting Calling
  6714 | D:5      | Reached skill level 6 in Summonings
  6996 | D:6      | Found a glowing silver altar of Zin.
  6996 | D:6      | Noticed an angel
  7065 | D:6      | Found a deep blue altar of Sif Muna.
  7073 | D:6      | Became a worshipper of Sif Muna the Loreminder
  7276 | D:6      | Noticed a seven-headed hydra
  7448 | D:6      | Reached skill level 1 in Maces & Flails
  7504 | D:6      | Slain by a seven-headed hydra

Skill      XL: |  1  2  3  4  5  6  7  8 |
---------------+-------------------------+-----
Stealth        | 3 4 |  4.1
Spellcasting   | 3 4 5 |  5.4
Summonings     | 5 6 |  6.3
Dodging        | 3 4 |  4.2
Fighting       | 1 |  1.8
Short Blades   | 1 |  1.2
Long Blades    | 1 |  1.5
Axes           | 1 |  1.2
Maces & Flails | 1 |  1.5
Hexes          | |  0.9
Ice Magic      | |  0.1
Air Magic      | |  0.1

Action                   |  1- 3 |  4- 6 |  7- 9 || total
-------------------------+-------+-------+-------++-------
Melee: Unarmed           |     9 |       |       ||     9
       Short sword       |    38 |    72 |       ||   110
       Scimitar          |       |    60 |       ||    60
       Hand axe          |       |       |   145 ||   145
       Flail             |       |       |    25 ||    25
 Cast: Summon Small Mamm |    37 |    29 |    29 ||    95
       Call Canine Famil |       |    12 |    19 ||    31
       Summon Guardian G |       |     5 |     6 ||    11
       Summon Ice Beast  |       |       |     6 ||     6
       Summon Lightning  |       |       |     3 ||     3
  Use: Potion            |     4 |     8 |     4 ||    16
       Scroll            |     3 |     5 |     3 ||    11
 Stab: Sleeping          |     4 |     5 |     5 ||    14
       Distracted        |     1 |     3 |     2 ||     6
  Eat: Ration            |     2 |     3 |     5 ||    10
       Chunk             |       |     4 |     6 ||    10
Armor: Robe              |     9 |    19 |    57 ||    85
Dodge: Dodged            |    60 |    88 |   168 ||   316
Block: Other             |     8 |    28 |    36 ||    72
       Reflection        |     1 |       |       ||     1
       Rpst.: Scimitar   |       |    10 |       ||    10
